[Event "*** SCC Grand Prix: Titled Tuesday Blitz"]
[Site "Chess.com"]
[Date "2020.09.29"]
[Round "7"]
[White "AntonovaNadezhda"]
[Black "jamalm2"]
[Result "1-0"]
[WhiteElo "2054"]
[BlackElo "1709"]
[TimeControl "180+1"]
[EndTime "11:16:36 PDT"]
[Termination "AntonovaNadezhda won on time"]

1. d4 d5 2. Nf3 c6 3. Nbd2 Nf6 4. e3 Bf5 5. c4 e6 6. Nh4 Bg6 7. Nxg6 hxg6 8. g3 Bd6 9. Bg2 Nbd7 10. O-O Qc7 11. f4 c5 12. cxd5 Nxd5 13. e4 Ne3 14. Qe2 Nxf1 15. Nxf1 cxd4 16. Bd2 Qb6 17. Qd3 Nc5 18. Qf3 Qxb2 19. Rc1 Na4 20. e5 Be7 21. Qxb7 O-O 22. Qxb2 Nxb2 23. Bxa8 Rxa8 24. Rc7 Bd8 25.
Rd7 Bb6 26. Kg2 Nc4 27. Kf3 Rc8 28. Bb4 Nb2 29. Nd2 Rc2 30. Ne4 Nd3 31. g4 Nxb4 32.
Ng5 Kf8 33. Rxf7+ Ke8 34. Rxg7 d3 35. Nxe6 d2 36. f5 d1=Q+ 37. Kf4 Qf1+ 38. Kg5 Be3+ 39. Kf6 Nd5+ 40. Kxg6 Nf4+ 41. Kf6 Nxe6 42. Kxe6 Rc6+ 43. Kd5 1-0

[Event "*** SCC Grand Prix: Titled Tuesday Blitz"]
[Site "Chess.com"]
[Date "2020.09.29"]
[Round "7"]
[White "Jumbo"]
[Black "Angel_Hranitel_37"]
[Result "1-0"]
[WhiteElo "2709"]
[BlackElo "2544"]
[TimeControl "180+1"]
[EndTime "11:16:38 PDT"]
[Termination "Jumbo won on time"]

1. e4 c5 2. Nf3 e6 3. d4 cxd4 4. Nxd4 Nf6 5. Nc3 Nc6 6. Be3 Bb4 7. f3 d5 8. Nxc6 bxc6 9. Qd3 O-O 10. a3 Qa5 11. Bd2 Rd8 12. Rd1 Bxc3 13. Bxc3 Qc7 14.
Qd2 e5 15. Ba5 Qe7 16. Bxd8 Qxd8 17. Bd3 d4 18. O-O Be6 19. Qg5 Qc7 20. f4 h6 21. Qh4 exf4 22. Qxf4 Qxf4 23. Rxf4 c5 24. b3 a5 25. a4 Nd7 26. Bb5 Ne5 27. h3 g5 28. Rf2 Kg7 29. Rfd2 Rb8 30. Rc1 Rd8 31. Kf2 Kf6 32. c3 Bxb3 33. cxd4 cxd4 34. Rc5 d3 35. Ke3 Bc2 36. Bc6 Nxc6 37. Rxc6+ Ke5 38. Rc5+ Ke6 39. Rxa5 Rb8 40. Rb5 Ra8 41. a5 Rc8 42. Rb2 Ke5 43.
a6 Rc4 44. Rb5+ Ke6 45. Ra5 Rc8 46. a7 Ra8 47. Rxd3 Bxd3 48. Kxd3 Kd6 49. Kd4 f6 50. g4 Kc6 51. e5 Rd8+ 52. Ke4 Kb7 53. a8=Q+ 1-0

[Event "*** SCC Grand Prix: Titled Tuesday Blitz"]
[Site "Chess.com"]
[Date "2020.09.29"]
[Round "7"]
[White "KyronGriffith"]
[Black "alexrustemov"]
[Result "0-1"]
[WhiteElo "2516"]
[BlackElo "2723"]
[TimeControl "180+1"]
[EndTime "11:16:39 PDT"]
[Termination "alexrustemov won by checkmate"]

1. e4 e6 2. d4 d5 3. Nd2 dxe4 4. Nxe4 Bd7 5. Nf3 Bc6 6. Bd3 Nd7 7. Bf4 Ngf6 8. Nxf6+ Nxf6 9. O-O Bxf3 10. Qxf3 c6 11.
c3 Bd6 12. Bg5 h6 13. Bh4 Be7 14. Rfe1 Qd5 15. Qe2 Qh5 16. Qxh5 Nxh5 17. Bxe7 Kxe7 18. g3 Nf6 19. Kg2 Rhd8 20. Rad1 Rd6 21. Be2 Rad8 22. Bf3 Nd5 23. a3 a5 24. h4 b5 25. Rc1 Nb6 26.
b3 a4 27. bxa4 Nxa4 28. c4 Rxd4 29. Bxc6 Nc5 30. Bxb5 Nd3 31. a4 Nxe1+ 32. Rxe1 Rd1 33. Re5 Kd6 34. Re3 Ra1 35. Rd3+ Ke7 36. Rc3 Rd2 37. c5 Raa2 38. Rf3 f5 39. c6 g5 40. hxg5 hxg5 41. Kf1 Rdc2 42. Kg2 Kf6 43. g4 f4 44. Kf1 e5 45.
Kg1 e4 46. Rb3 Rxf2 47. Rc3 Rfc2 48. Rxc2 Rxc2 49. a5 f3 50. a6 e3 51. a7 Rc1+ 52.
Kh2 e2 53. Bxe2 fxe2 54. a8=Q e1=Q 55. Qf8+ Ke5 56. Qe7+ Kf4 57. Qf6+ Kxg4 58. Qd4+ Kf5 59. Qd7+ Qe6 60. Qh7+ Kf4 61. Qd3 Qh6+ 62. Kg2 Qh1+ 63. Kf2 Qh2# 0-1

[Event "*** SCC Grand Prix: Titled Tuesday Blitz"]
[Site "Chess.com"]
[Date "2020.09.29"]
[Round "7"]
[White "Aygehovit1992"]
[Black "Sergey85Rodchenkov"]
[Result "0-1"]
[WhiteElo "2622"]
[BlackElo "2473"]
[TimeControl "180+1"]
[EndTime "11:16:39 PDT"]
[Termination "Sergey85Rodchenkov won by resignation"]

1. e4 c5 2. g3 d5 3. exd5 Qxd5 4.
Nf3 Qe6+ 5. Qe2 Qxe2+ 6. Bxe2 Nc6 7. c3 Nf6 8. d3 Bf5 9. Be3 e6 10. Na3 h6 11. Nc4 O-O-O 12. O-O-O Be7 13. Nfe5 Nxe5 14.
Nxe5 Rhf8 15. g4 Bh7 16. h4 Nd5 17. Bd2 Bd6 18. f4 f6 19. Nc4 Bxf4 20. Rhf1 e5 21. h5 Kc7 22. a4 b6 23. Rf2 Rd7 24. Rdf1 Rfd8 25. Kc2 Bxd2 26. Kxd2 a6 27. b3 b5 28. axb5 axb5 29. Nb2 b4 30. cxb4 Nxb4 31. Rc1 Nxd3 32.
Bxd3 Bxd3 33. Rxc5+ Kb7 34. Kc3 Ba6 35. b4 Rc7 36. g5 Rxc5+ 37. bxc5 hxg5 38. h6 gxh6 39. Rxf6 h5 40. Na4 Rd3+ 41. Kb4 Rd4+ 42. Ka5 Bd3 43. c6+ Kc7 44. Nb6 Rd6 45. Rf7+ Kxc6 46. Nc8 Rh6 47. Kb4 e4 48. Kc3 h4 49. Ne7+ Kb5 50. Nf5 Rh8 51. Nd4+ Kc5 52. Rf5+ Kd6 53. Rxg5 h3 54.
Rg1 h2 55. Rh1 Ke5 56. Nc6+ Kf4 57. Kd2 Kg3 58. Ke3 Kg2 0-1

[Event "*** SCC Grand Prix: Titled Tuesday Blitz"]
[Site "Chess.com"]
[Date "2020.09.29"]
[Round "7"]
[White "GMaka"]
[Black "pastouche06"]
[Result "1-0"]
[WhiteElo "2376"]
[BlackElo "2479"]
[TimeControl "180+1"]
[EndTime "11:16:40 PDT"]
[Termination "GMaka won by resignation"]

1. d4 d5 2. Bf4 Nf6 3. e3 c5 4. c3 Nc6 5. Nd2 e6 6. Ngf3 Bd6 7. Bb5 O-O 8. O-O Bxf4 9. exf4 cxd4 10. cxd4 Qb6 11. Bxc6 bxc6 12. Nb3 a5 13. Qc2 Rb8 14. Ne5 a4 15. Nc5 Qxb2 16. Qxb2 Rxb2 17. Rfb1 a3 18. Rxb2 axb2 19. Rb1 Ne4 20. Nxe4 dxe4 21. Rxb2 Ba6 22. Nxc6 Bc4 23. a4 Ra8 24. a5 Kf8 25.
Rb8+ Rxb8 26. Nxb8 Ke7 27. Nc6+ Kd6 28. Ne5 Ba6 29.
Nxf7+ Kd5 30. Ng5 h6 31. Nf7 Kxd4 32. g3 Bb5 33. h4 Ba6 34. Kh2 Kd3 35. Nd8 Bc4 36.
a6 Bxa6 37. Nxe6 Ke2 38. Kg1 Kf3 39. Nxg7 e3 40. fxe3 Kxg3 41. Nf5+ Kg4 42. Nxh6+ Kxh4 43. Nf7 Kg4 44. Ne5+ Kf5 45. Kf2 Bb7 46. Ke2 Be4 47.
Kd2 Bb7 48. Kc3 Ke4 49. Kd2 Ba6 50. Ng4 Kf3 51. Nf6 Bb7 52. Kd3 Ba8 53. Kd4 Bb7 54. Nd5 Kg4 55. Ke5 Bc8 56. e4 Kh5 57. Ne7 Bh3 58. f5 Kh6 59. Kf6 Kh7 60. e5 Kh8 61. Ng6+ Kg8 62. e6 Bxf5 63. Kxf5 1-0

[Event "*** SCC Grand Prix: Titled Tuesday Blitz"]
[Site "Chess.com"]
[Date "2020.09.29"]
[Round "7"]
[White "chessmachine14"]
[Black "Grandmaster2B"]
[Result "0-1"]
[WhiteElo "2281"]
[BlackElo "2396"]
[TimeControl "180+1"]
[EndTime "11:16:40 PDT"]
[Termination "Grandmaster2B won by checkmate"]

1. e4 c5 2. Nf3 d6 3. d4 cxd4 4. Nxd4 Nf6 5. Nc3 a6 6. Be3 e5 7.
Nb3 Be6 8. f3 h5 9. Qd2 Nbd7 10.
O-O-O Rc8 11. Kb1 Qc7 12. g3 Nb6 13. Na5 Nc4 14. Nxc4 Bxc4 15. Bxc4 Qxc4 16. Bg5 Nh7 17. h4 Rc6 18. Nd5 Nxg5 19. hxg5 Kd8 20. Qa5+ Ke8 21. Rd2 Qc5 22. Qa4 h4 23. gxh4 Rxh4 24. Rhd1 Qc4 25. Qxc4 Rxc4 26. Ne3 Rc6 27. Nf5 Rh3 28. Rd3 Kd7 29. b3 g6 30. Ne3 Rg3 31. c4 Rxg5 32.
Ng4 f5 33. Nf6+ Ke6 34. Nd5 Be7 35. Kb2 Bf8 36. Kc3 Be7 37. b4 Rg2 38. Kb3 f4 39. b5 axb5 40. cxb5 Rc5 41. b6 Rc6 42. Nc7+ Kd7 43.
Nd5 Bd8 44. Kb4 Bxb6 45. Kb5 Bc5 46. Rb3 g5 47. Kc4 b6 48. Kd3 g4 49. fxg4 Rg3+ 50. Ke2 Rg2+ 51. Kf3 Rf2# 0-1

[Event "*** SCC Grand Prix: Titled Tuesday Blitz"]
[Site "Chess.com"]
[Date "2020.09.29"]
[Round "7"]
[White "stanyga"]
[Black "nrvisakh"]
[Result "1/2-1/2"]
[WhiteElo "2614"]
[BlackElo "2789"]
[TimeControl "180+1"]
[EndTime "11:16:41 PDT"]
[Termination "Game drawn by repetition"]

1. d4 Nf6 2. c4 g6 3. Nc3 d5 4. cxd5 Nxd5 5. Nf3 Bg7 6. Bd2 O-O 7.
e4 Nxc3 8. Bxc3 c5 9. d5 Bxc3+ 10.
bxc3 e6 11. Be2 Nd7 12. c4 exd5 13. exd5 Nb6 14. O-O Bg4 15. Qb3 Re8 16. Rfe1 Qf6 17.
Rad1 Re4 18. h3 Bd7 19. Nd2 Re7 20. Qb1 Rae8 21. Bd3 Rxe1+ 22. Rxe1 Rxe1+ 23. Qxe1 Qd4 24. Qb1 Na4 25. Nb3 Qc3 26. Qc2 b6 27. Qe2 Kg7 28. Qd2 Qf6 29. Kh2 Nc3 30. Nc1 Qd4 31. Ne2 Nxe2 32.
Qxe2 Bf5 33. Bxf5 Qf4+ 34. g3 Qxf5 35. Qb2+ Kg8 36. Qe2 Kg7 37. h4 h5 38. Qb2+ Kf8 39. Qe2 Qd7 40. Qe5 Kg8 41. d6 Qg4 42. Qe8+ Kg7 43. d7 Qf5 44. d8=Q Qxf2+ 45. Kh3 Qf1+ 46. Kh2 Qf2+ 47. Kh1 Qf1+ 48. Kh2 Qf2+ 1/2-1/2

[Event "*** SCC Grand Prix: Titled Tuesday Blitz"]
[Site "Chess.com"]
[Date "2020.09.29"]
[Round "7"]
[White "DenisQ"]
[Black "tteshan"]
[Result "1-0"]
[WhiteElo "2632"]
[BlackElo "2384"]
[TimeControl "180+1"]
[EndTime "11:16:41 PDT"]
[Termination "DenisQ won by resignation"]

1. Nf3 c5 2. c4 Nc6 3. Nc3 g6 4. e3 Bg7 5. d4 cxd4 6. exd4 d6 7.
h3 e5 8. dxe5 dxe5 9. Qxd8+ Kxd8 10. Bg5+ Nge7 11. O-O-O+ Kc7 12. Nd5+ Nxd5 13. cxd5 Nd4 14.
Nxd4 exd4 15. Bc4 Bf5 16. g4 Be4 17. Rhe1 Rhe8 18. Bb5 Kd6 19. Bxe8 Rc8+ 20. Bc6 Bxd5 21. Kd2 Rxc6 22. Rc1 f6 23. Bf4+ Kd7 24. Rxc6 bxc6 25.
b3 Bf8 26. Kd3 Bc5 27. Bc1 Bg2 28. h4 Bf3 29. g5 f5 30. Bb2 Be4+ 31. Rxe4 fxe4+ 32. Kxe4 Ke6 33. Bxd4 Bb4 34. Bxa7 Be1 35. Be3 Kd6 36.
a4 Bb4 37. f4 Ke6 38. Bd4 Ba5 39. Be5 Bb4 40. Kd4 Kd7 41. Kc4 Ba5 42. b4 Bd8 43.
a5 Kc8 44. Bc3 Kb7 45. b5 cxb5+ 46. Kxb5 Bc7 47. a6+ Ka7 48. Be5 Bd8 49. Bd4+ Ka8 50. Kc6 Be7 51. Kd7 Bb4 52. Ke6 Bd2 53. Be5 Bc1 54. Kf7 Ka7 55. Kg7 Kxa6 56. Kxh7 Kb7 57. Kxg6 Kc6 58. h5 1-0

[Event "*** SCC Grand Prix: Titled Tuesday Blitz"]
[Site "Chess.com"]
[Date "2020.09.29"]
[Round "7"]
[White "cassoulet"]
[Black "Snegokhod"]
[Result "1-0"]
[WhiteElo "2627"]
[BlackElo "2407"]
[TimeControl "180+1"]
[EndTime "11:16:41 PDT"]
[Termination "cassoulet won on time"]

1. e4 c5 2. Nc3 Nc6 3. g3 g6 4. Bg2 Bg7 5. d3 e6 6. Nf3 Nge7 7. Be3 Nd4 8. Qd2 h5 9. Nd1 d6 10. c3 Nxf3+ 11. Bxf3 b6 12. Bg5 Bb7 13. O-O d5 14. Qe2 dxe4 15. dxe4 Qc8 16. Ne3 Ba6 17. Nc4 Bxc4 18. Qxc4 Qc7 19. Qa4+ Nc6 20. e5 Rc8 21. Bf6 O-O 22. Bxc6 Qxc6 23. Qf4 Rc7 24. Rad1 Rd7 25. h4 Kh7 26. Bg5 Rd5 27. Be7 Kg8 28. Bxf8 Kxf8 29.
Qe4 c4 30. Rxd5 exd5 31. Qd4 Qe6 32. Rd1 Bxe5 33. Qxd5 Qg4 34. Kg2 Kg8 35. Qf3 Qe6 36.
Re1 Qd6 37. Qe4 Bf6 38. Qxc4 Kg7 39. Re2 a5 40. Qe4 Qd1 41. Qf3 Qb1 42. Qc6 Qxa2 43. Qxb6 a4 44. Qc5 Qb1 45. Qc4 Qd1 46. Re8 Qd7 47.
Qe4 Qb5 48. Qe2 Qc6+ 49. Kh2 g5 50. hxg5 Bxg5 51. Re5 Bf6 52. Rxh5 Qb6 53. Qg4+ Kf8 54. Rf5 Ke7 55. Qe4+ Kf8 56. Qb4+ Kg7 57. Qxb6 1-0

[Event "*** SCC Grand Prix: Titled Tuesday Blitz"]
[Site "Chess.com"]
[Date "2020.09.29"]
[Round "7"]
[White "djano"]
[Black "chessdjw"]
[Result "0-1"]
[WhiteElo "2457"]
[BlackElo "2638"]
[TimeControl "180+1"]
[EndTime "11:16:42 PDT"]
[Termination "chessdjw won on time"]

1. d4 Nf6 2. Nf3 g6 3. Bf4 Bg7 4. c3 O-O 5. h3 d6 6. Nbd2 c5 7. dxc5 dxc5 8. e4 Nc6 9. Bh2 b6 10. Be2 Bb7 11. O-O Qc8 12. Qa4 a6 13. e5 Nd7 14. e6 fxe6 15. Qh4 Nf6 16. Ng5 b5 17.
Bg4 Nd8 18. Rfe1 h6 19. Bxe6+ Nxe6 20. Nxe6 Qc6 21. f3 g5 22. Qf2 Rf7 23. Qxc5 Nd5 24. Qxc6 Bxc6 25. Nxg7 Kxg7 26. Ne4 Nf4 27. Rad1 a5 28. Nc5 b4 29. Bxf4 gxf4 30. Ne6+ Kh7 31. Rd4 bxc3 32. bxc3 Rg8 33. Rxf4 Rxf4 34. Nxf4 Bxf3 35.
Rxe7+ Kh8 36. Kf2 Bd1 37. Re6 Kh7 38. Rd6 Bc2 39. Rd7+ Kh8 40. g4 Rf8 41. Kg3 Rc8 42. Ne2 Kg8 43. Kf2 Bb1 44. a3 Ba2 45. Ke3 Bc4 46. Nf4 Bb5 47. Rd6 Rxc3+ 48. Kd4 Rxa3 49. Rxh6 a4 50. Rb6 Be8 51. Ke5 Rf3 52. Rb8 Kf7 53.
Rb7+ Kg8 54. Rb8 Kf7 0-1

[Event "*** SCC Grand Prix: Titled Tuesday Blitz"]
[Site "Chess.com"]
[Date "2020.09.29"]
[Round "7"]
[White "Vamostodorecto"]
[Black "pirulillo"]
[Result "1-0"]
[WhiteElo "2392"]
[BlackElo "2227"]
[TimeControl "180+1"]
[EndTime "11:16:43 PDT"]
[Termination "Vamostodorecto won by checkmate"]

1. d4 Nf6 2. c4 g6 3. Nc3 Bg7 4. e4 O-O 5. Be2 d6 6. Nf3 e5 7. O-O Nc6 8. d5 Ne7 9. Be3 Ng4 10. Bg5 f6 11. Bd2 f5 12. Ng5 Nf6 13. exf5 Nxf5 14. Ne6 Bxe6 15. dxe6 c6 16. f4 Qe7 17. g4 Nd4 18. f5 gxf5 19. gxf5 Kh8 20. Be3 Ne8 21. Bxd4 exd4 22. Ne4 d5 23. cxd5 cxd5 24. Ng3 Qg5 25. Qc1 Qe3+ 26. Qxe3 dxe3 27. Rad1 d4 28. Ne4 Rc8 29. Bd3 Nf6 30. Nd6 Rc7 31. Rc1 Nd5 32. Rxc7 Nxc7 33. Rc1 Nd5 34. Be4 Nf4 35. Rc7 e2 36. Kf2 Nxe6 37. Nf7+ Rxf7 38. Rxf7 Ng5 39. Re7 Bf6 40. Re8+ Kg7 41. Bd3 Kf7 42. Rb8 Nh3+ 43. Kxe2 Nf4+ 44. Kd2 Nd5 45. Rxb7+ Kf8 46. Be4 Bg5+ 47.
Kd3 Nf6 48. Kxd4 h5 49. Ke5 Bh4 50. Bd5 Ng4+ 51. Ke6 Nxh2 52. Rf7+ Kg8 53. Rxa7 Kh8 54. f6 Ng4 55. f7 Ne3 56. f8=Q# 1-0

[Event "*** SCC Grand Prix: Titled Tuesday Blitz"]
[Site "Chess.com"]
[Date "2020.09.29"]
[Round "7"]
[White "anon219"]
[Black "csati17"]
[Result "0-1"]
[WhiteElo "2737"]
[BlackElo "2596"]
[TimeControl "180+1"]
[EndTime "11:16:44 PDT"]
[Termination "csati17 won by resignation"]

1. e4 e6 2. d4 d5 3. Nc3 Bb4 4. e5 Ne7 5. a3 Bxc3+ 6. bxc3 b6 7. Qg4 Ng6 8. h4 h5 9. Qg3 Ba6 10. Bxa6 Nxa6 11. Nh3 Qxh4 12. Qd3 Nb8 13. Bg5 Qg4 14. O-O Nc6 15. f3 Qf5 16. Qb5 Kd7 17. c4 a6 18. Qa4 b5 19. cxb5 axb5 20. Qxb5 Rhb8 21. Qc5 Ra4 22. Qc3 Nxd4 23. Rf2 Rc4 24. Qa5 Qxe5 25. Rd1 Ne2+ 26. Kf1 Ng3+ 27. Kg1 Qd6 28. Be3 Nf5 29.
Ba7 Ra8 30. Ng5 f6 31. Ne4 Qc6 32. Nc5+ Ke7 33. Nd3 Ra4 34. Bc5+ Kf7 35. Qe1 Rc4 36. Bb4 Rxc2 37. Rxc2 Qxc2 38. Nc5 Nf4 39. Rd2 Qc4 40. g3 Nd4 41. Qe3 Nfe2+ 42. Kf2 e5 43. Nd3 Re8 44. Nb2 Qa6 45. Nd3 e4 46. Nc5 Qc4 47. fxe4 dxe4 48. Rd1 Qd5 49. Ke1 Qf5 50. Rxd4 Nxd4 51. Qxd4 Kg6 52. Nb3 e3 53. Kd1 e2+ 54. Kc1 e1=Q+ 55. Bxe1 Rxe1+ 56. Kd2 Re4 57. Qc3 Qf2+ 0-1

[Event "*** SCC Grand Prix: Titled Tuesday Blitz"]
[Site "Chess.com"]
[Date "2020.09.29"]
[Round "7"]
[White "SergeyShtyka"]
[Black "Matols"]
[Result "0-1"]
[WhiteElo "2404"]
[BlackElo "2274"]
[TimeControl "180+1"]
[EndTime "11:16:45 PDT"]
[Termination "Matols won by checkmate"]

1. e4 e6 2. Nf3 d5 3. e5 c5 4. b4 cxb4 5. a3 Nc6 6. axb4 Bxb4 7. c3 Be7 8. d4 Nh6 9. Bxh6 gxh6 10. Bd3 f5 11.
exf6 Bxf6 12. O-O Qe7 13. Re1 O-O 14. Nbd2 Kh8 15. Nf1 Rg8 16. Ng3 Bd7 17. Qd2 Qg7 18. Kh1 h5 19. Rg1 Be8 20. Rae1 Bf7 21. Qf4 Rae8 22. Ne5 Nxe5 23. dxe5 Be7 24. Qf3 Bc5 25.
Re2 Ref8 26. Qf6 Qxf6 27. exf6 h4 28. Nf1 Bh5 29. Rxe6 Bxf2 30. Re7 Rf7 31. Re5 Bg4 32.
h3 Bxh3 33. Ne3 Bxg1 34. Kxg1 Bc8 35. Nxd5 h3 36. Rh5 Rxg2+ 37. Kf1 Be6 38. Nf4 Rxf6 39. Rxh7+ Kg8 40. Rh4 Rg4 41. Rxh3 Rfxf4+ 42. Ke2 Rg2+ 43. Ke3 Rff2 44. Bh7+ Kg7 45. Bd3 Bxh3 46. Kd4 Rg3 47.
Bc4 Rf4+ 48. Kc5 Rg5+ 49. Kb4 Rgg4 50. Ka5 Rxc4 51. Kb5 a6+ 52. Kb6 Rg5 53. Ka7 Rc6 54.
Kb8 Rgg6 55. c4 Rxc4 56. Ka7 b5 57. Kb7 b4 58. Ka7 Rc7+ 59. Kb8 Rf7 60. Ka8 Kf6 61. Kb8 Rg8# 0-1

[Event "*** SCC Grand Prix: Titled Tuesday Blitz"]
[Site "Chess.com"]
[Date "2020.09.29"]
[Round "7"]
[White "HouseOfDurin"]
[Black "GMJustin"]
[Result "1-0"]
[WhiteElo "2142"]
[BlackElo "2256"]
[TimeControl "180+1"]
[EndTime "11:16:45 PDT"]
[Termination "HouseOfDurin won on time"]

1. d4 a6 2. Bg5 h6 3. Bh4 b5 4. e3 Bb7 5. Nf3 d6 6. c4 b4 7. d5 c5 8. dxc6 Nxc6 9. Nd4 Qd7 10. Nd2 g6 11. N2f3 Bg7 12. Rc1 g5 13. Bg3 Nf6 14.
Be2 Ne4 15. Nxc6 Bxc6 16. Nd4 Bb7 17. Bf3 O-O 18. Qd3 f5 19. O-O e5 20. Ne2 Nxg3 21.
Bd5+ Kh8 22. Nxg3 e4 23. Qd2 Bxd5 24. cxd5 a5 25. Nh5 Rac8 26. Nxg7 Qxg7 27. Rxc8 Rxc8 28. Rc1 Rxc1+ 29. Qxc1 Qe5 30. Qd2 Kg7 31. g3 Kf6 32. a3 bxa3 33. bxa3 Qa1+ 34. Kg2 Qxa3 35. Qd4+ Kf7 36.
Qh8 a4 37. Qh7+ Ke8 38. Qxf5 Qb4 39. Qe6+ Kd8 40. Qg8+ Kc7 41. Qf7+ Kb6 42. Qe8 Ka5 43. Qa8+ Kb5 44. Qc6+ Ka5 45. Qa8+ Kb5 46. Qe8+ Kc4 47. Qc6+ Kb3 48. h4 a3 49. hxg5 hxg5 50. Qc1 a2 51. Qd1+ Ka3 52. Qc1+ Qb2 53. Qc8 a1=Q 54. Qa6+ Kb3 55.
Qb6+ Kc3 56. Qxd6 1-0

[Event "*** SCC Grand Prix: Titled Tuesday Blitz"]
[Site "Chess.com"]
[Date "2020.09.29"]
[Round "7"]
[White "sokidze"]
[Black "TimofeevAr"]
[Result "0-1"]
[WhiteElo "2619"]
[BlackElo "2855"]
[TimeControl "180+1"]
[EndTime "11:16:47 PDT"]
[Termination "TimofeevAr won by checkmate"]

1. d4 d5 2. Nf3 Nf6 3. g3 g6 4. Bg2 Bg7 5. c4 dxc4 6. O-O O-O 7. Na3 c6 8. Nxc4 Be6 9. b3 a5 10. Bb2 a4 11. Nfe5 axb3 12. axb3 Rxa1 13. Qxa1 Nbd7 14. Qa7 Qb8 15. Ra1 Nxe5 16. dxe5 Nd7 17. f4 Rd8 18.
Qxb8 Rxb8 19. Bd4 f6 20. exf6 Bxf6 21. Bxf6 Nxf6 22. Ra7 Bxc4 23. bxc4 Kf7 24. e4 Nd7 25. e5 Nc5 26. Kf2 g5 27. Ra5 Nb3 28. Ra3 Nd4 29. Rd3 c5 30. Bd5+ e6 31. Be4 h6 32. Ra3 b5 33. Ra7+ Kf8 34. cxb5 Rxb5 35. Rc7 g4 36.
Ke3 Rb3+ 37. Kd2 Rb2+ 38. Kc3 Rxh2 39. Rxc5 Ne2+ 40. Kd3 Nxg3 41. Rc8+ Ke7 42. Rc7+ Kd8 43. Rg7 h5 44. Bc6 Nf5 45. Rd7+ Kc8 46. Rh7 g3 47. Bd7+ Kb8 48. Bxe6 g2 49. Rh8+ Kc7 50. Rg8 Nh6 51.
Rg7+ Kc6 52. f5 Ng4 53. Bd7+ Kc5 54. e6 g1=Q 55. e7 Qd4# 0-1

[Event "*** SCC Grand Prix: Titled Tuesday Blitz"]
[Site "Chess.com"]
[Date "2020.09.29"]
[Round "7"]
[White "Nastya_Rakhmangulova"]
[Black "ExtremeLearner"]
[Result "0-1"]
[WhiteElo "2431"]
[BlackElo "2321"]
[TimeControl "180+1"]
[EndTime "11:16:47 PDT"]
[Termination "ExtremeLearner won by resignation"]

1. e4 c6 2. d4 d5 3. Nc3 dxe4 4.
Nxe4 Nf6 5. Nxf6+ exf6 6. c3 Bd6 7. Bd3 O-O 8. Qc2 Re8+ 9. Ne2 h5 10. O-O h4 11. h3 Nd7 12. Be3 Nf8 13. Rfe1 Bc7 14. Qd2 Ng6 15. Bxg6 fxg6 16. Bf4 g5 17. Bxc7 Qxc7 18.
d5 cxd5 19. Nd4 Bd7 20. Qd3 Re5 21. Nf3 Bf5 22. Qd4 Rxe1+ 23. Rxe1 Be4 24. Nd2 Re8 25. Nxe4 dxe4 26. Rxe4 Rd8 27. Qc4+ Qxc4 28. Rxc4 Rd1+ 29. Kh2 Rd2 30. Rb4 b6 31. f3 Kf7 32. a4 Ke6 33. b3 Kd5 34. a5 Kc6 35. axb6 axb6 36. Rc4+ Kb7 37. Re4 Rd3 38. Rc4 Ka6 39. b4 Kb7 40. Kg1 Rd2 41. Re4 Rc2 42. c4 Rc1+ 43. Kh2 Kc6 44. Re6+ Kd7 45. Rxb6 Rxc4 46. b5 Rc7 47. Kg1 Kc8 48. Kf2 Rc2+ 49. Kf1 Kc7 50. Re6 Kb7 51. Re7+ Rc7 52. Rxg7 Rxg7 0-1

[Event "*** SCC Grand Prix: Titled Tuesday Blitz"]
[Site "Chess.com"]
[Date "2020.09.29"]
[Round "7"]
[White "Herracek"]
[Black "c_r_e_e_p_e_r"]
[Result "1-0"]
[WhiteElo "2632"]
[BlackElo "2373"]
[TimeControl "180+1"]
[EndTime "11:16:50 PDT"]
[Termination "Herracek won on time"]

1. c4 e6 2. Nf3 c5 3. g3 b6 4. Bg2 Bb7 5. O-O d6 6. d4 cxd4 7. Qxd4 Nf6 8. Nc3 a6 9. b3 Nbd7 10. Bb2 Qc7 11. Rfd1 Be7 12. Rac1 O-O 13. Ng5 Bxg2 14. Kxg2 Qb7+ 15. f3 Nc5 16. Nce4 h6 17.
b4 hxg5 18. bxc5 bxc5 19. Qc3 Rab8 20. Ba1 d5 21. cxd5 exd5 22. Nxf6+ Bxf6 23. Qxc5 Rbc8 24. Qa5 Bxa1 25. Rxa1 Rc2 26. Rd2 Rfc8 27. Rad1 d4 28. Qxg5 Qb2 29. Kh3 Qxa2 30. Rxd4 Rxe2 31. Rd8+ Re8 32.
Rxc8 Rxc8 33. Rd6 Qe2 34. Qf5 Qf1+ 35. Kh4 Re8 36. Rd7 Qc4+ 37. f4 Qa2 38. h3 Qe6 39. Qxe6 Rxe6 40. Ra7 g6 41. Kg5 Kg7 42. g4 Kg8 43. h4 Rb6 44. Kh6 Kf8 45. Ra8+ Ke7 46. Kg7 Rb4 47. Ra7+ Kd6 48. Rxf7 a5 49. Kxg6 a4 50.
Kg5 a3 51. Ra7 Rb3 52. h5 Kc5 53. h6 Rb5 54. f5 Kb4 55. h7 Rb8 56. Rb7+ Rxb7 57.
h8=Q a2 58. Qd4+ Ka3 59. f6 Rb1 60. Qc3+ Ka4 61. Qc4+ Ka3 62. f7 1-0

[Event "*** SCC Grand Prix: Titled Tuesday Blitz"]
[Site "Chess.com"]
[Date "2020.09.29"]
[Round "7"]
[White "paulrusan"]
[Black "ChessArchitect64"]
[Result "1-0"]
[WhiteElo "2266"]
[BlackElo "1992"]
[TimeControl "180+1"]
[EndTime "11:16:51 PDT"]
[Termination "paulrusan won by checkmate"]

1. e4 c5 2. b4 cxb4 3. Bb2 Nf6 4. e5 Nd5 5. a3 bxa3 6. Nxa3 e6 7. Nf3 Nc6 8. c4 Nb6 9. Nc2 d6 10. exd6 Qxd6 11.
d4 Qd8 12. Bd3 Bd7 13. O-O Qc7 14. Re1 O-O-O 15. Qe2 Kb8 16. Rad1 Ka8 17. Ne3 Bb4 18. d5 Nb8 19. Rf1 f6 20. Nd4 e5 21. Ndf5 Bxf5 22. Bxf5 Bc5 23. Rc1 Na6 24. Rfd1 Nb8 25. Be6 N8d7 26.
Nf5 Nf8 27. d6 Qb8 28. Bd5 Nfd7 29. Rd3 g6 30. Nh6 Bxd6 31. Nf7 Rhf8 32. Nxd6 Qxd6 33. Bxb7+ Kxb7 34. Rxd6 Kc7 35. c5 Rde8 36. cxb6+ Kxd6 37. Ba3+ Ke6 38. Bxf8 Nxf8 39. Qc4+ Ke7 40. bxa7 Nd7 41. Qc6 Rc8 42. Qxc8 Nb6 43. Qb7+ Kf8 44. Qxb6 Kg8 45.
a8=Q+ Kg7 46. Qc7+ Kh6 47. Qf8+ Kg5 48. Qxh7 Kf5 49.
g4+ Kg5 50. Rc4 e4 51. h4+ Kf4 52. Qxf6+ Kxg4 53.
Qhxg6+ Kh3 54. Qg3# 1-0

[Event "*** SCC Grand Prix: Titled Tuesday Blitz"]
[Site "Chess.com"]
[Date "2020.09.29"]
[Round "7"]
[White "jefferyx"]
[Black "Tooweak2slow03"]
[Result "1-0"]
[WhiteElo "2955"]
[BlackElo "2809"]
[TimeControl "180+1"]
[EndTime "11:16:52 PDT"]
[Termination "jefferyx won by resignation"]

1. d4 e6 2. e4 d5 3. exd5 exd5 4. Nf3 Bd6 5. c4 c6 6. Nc3 Nf6 7. c5 Bc7 8. Bd3 b6 9. O-O bxc5 10. dxc5 O-O 11. h3 Ba6 12. Be3 Bxd3 13. Qxd3 Qc8 14. Nd4 Qb7 15. Rab1 Nbd7 16. Nf5 Bb8 17. Bd4 Re8 18.
Rfe1 Be5 19. b4 a6 20. Bxe5 Nxe5 21. Qd4 Ng6 22. Rxe8+ Nxe8 23. Re1 Nf6 24. Re3 Qd7 25. Rf3 Ne8 26. Ne4 Qe6 27. Ned6 Qe1+ 28. Kh2 Qe5+ 29. g3 Qxd4 30. Nxd4 Nxd6 31. cxd6 Ne5 32. Re3 Nc4 33. Re7 Nxd6 34. Nxc6 g6 35. Rd7 Ne4 36. Kg2 Nf6 37. Rc7 Ne4 38. a4 Kg7 39. b5 axb5 40. axb5 Ra2 41.
b6 Rxf2+ 42. Kg1 Rb2 43. b7 Rb1+ 44. Kg2 Rb2+ 45. Kf3 Rb3+ 46. Ke2 Rb2+ 47. Ke3 Rb3+ 48. Kd4 Nxg3 49. b8=Q Rxb8 50. Nxb8 h5 51. Nc6 Ne2+ 52. Ke5 Ng1 53. Nd8 Nxh3 54. Rxf7+ Kh6 55. Ne6 Ng5 56. Nxg5 Kxg5 57. Rf1 Kh4 58. Kf4 g5+ 59. Kf3 g4+ 60. Kg2 d4 61. Rd1 Kg5 62. Rxd4 h4 63. Ra4 h3+ 64.
Kg3 Kf5 65. Rf4+ Ke5 66. Rxg4 h2 67. Kxh2 Kf5 68. Kg3 Ke5 69. Rf4 1-0

[Event "*** SCC Grand Prix: Titled Tuesday Blitz"]
[Site "Chess.com"]
[Date "2020.09.29"]
[Round "7"]
[White "m_ezat"]
[Black "MVM2008"]
[Result "1-0"]
[WhiteElo "2631"]
[BlackElo "2243"]
[TimeControl "180+1"]
[EndTime "11:16:52 PDT"]
[Termination "m_ezat won by checkmate"]

1. d4 f5 2. e4 fxe4 3. Nc3 Nf6 4. Bg5 g6 5. h4 h6 6. Bxf6 exf6 7. Qg4 Kf7 8. h5 Rg8 9. Bc4+ d5 10. Bxd5+ Qxd5 11. Qxc8 Qxd4 12. Rd1 Qxf2+ 13. Kxf2 Bc5+ 14. Ke2 Rxc8 15. hxg6+ Kxg6 16. Nxe4 Re8 17. Kf3 Na6 18. Ne2 Rxe4 19.
Kxe4 Re8+ 20. Kd3 Nb4+ 21. Kc4 Rxe2 22. Kxc5 Nxc2 23. Kc4 Ne3+ 24. Kd3 Nxd1 25. Kxe2 Nxb2 26. Rh4 c5 27. Kd2 b5 28. Kc3 Nc4 29. Re4 Nd6 30. Re6 b4+ 31. Kb3 Nf5 32. Ra6 Nd4+ 33. Kc4 Nf5 34.
Kxc5 Ne3 35. g3 Nf5 36. Kxb4 Nxg3 37. Rxa7 h5 38. Ra8 h4 39. a4 h3 40. Rg8+ Kh5 41.
Rxg3 Kh4 42. Rg8 h2 43. Rh8+ Kg3 44. a5 f5 45. a6 f4 46. a7 f3 47. a8=Q Kg2 48.
Qa2+ f2 49. Rg8+ Kh3 50. Qb3+ Kh4 51. Qg3+ Kh5 52. Rh8# 1-0